 Dungeon Crawl Stone Soup version 0.31-a0-876-gfe8ebadbca (webtiles) character file.

Game seed: 7454495566613613318

8962 LeprechaunX the Mimic (level 11, -1/78 HPs)
             Began as an Octopode Shapeshifter on Oct 13, 2023.
             Was a Priest of Ru.
             Slain by Grum
             ... wielding a -2 spear of venom
              (10 damage)
             ... on level 10 of the Dungeon.
             The game lasted 00:20:31 (10428 turns).

LeprechaunX the Mimic (Octopode Shapeshifter)      Turns: 10428, Time: 00:20:33

Health: -1/78      AC:  1    Str: 16    XL:     11   Next: 39%
Magic:  0/11       EV: 25    Int: 18    God:    Ru [***...]
Gold:   622        SH:  0    Dex: 14    Spells: 5/10 levels left

rFire   + .          .
                       - Unarmed
rCold   + . .        (helmet restricted)
rNeg    . . .        C - amulet of guardian spirit
rPois   .            o - ring of protection from fire
rElec   .            A - +6 ring of intelligence
rCorr   .            B - +5 ring of evasion
SInv    .            F - +5 ring of evasion
Will    .....        L - ring of protection from cold Stlth
                     (no ring)
HPRegen 0.33/turn    (no ring)
MPRegen 0.12/turn

%: guardian spirit
@: lethally poisoned (-1 -> -27), flux-form, glowing
A: glow, contaminating, almost no armour, amphibious, 7 rings, camouflage 1,
gelatinous body 1, missing a hand, no stealth, (nimble swimmer 1), tentacles
a: Begin Untransformation, Renounce Religion, Draw Out Power


You were on level 10 of the Dungeon.
You worshipped Ru.
Ru was most pleased with you.
You were something dangerously unstable.
You visited 2 branches of the dungeon, and saw 11 of its levels.
You also visited: Ossuary and Bailey.

You collected 622 gold pieces.

Inventory:

Hand Weapons
 a - a +0 sling
Missiles
 M - 3 throwing nets
Jewellery
 o - a ring of protection from fire (left tentacle)
 A - a +6 ring of intelligence (right tentacle)
 B - a +5 ring of evasion (on tentacle)
 C - an amulet of guardian spirit (around mantle)
 F - a +5 ring of evasion (on tentacle)
 L - a ring of protection from cold (on tentacle)
Talismans
 b - a beast talisman
 c - a flux talisman (active)
Wands
 z - a wand of acid (12)
 I - a wand of mindburst (2)
 J - a wand of flame (3)
 N - a wand of digging (6)
Scrolls
 e - 6 scrolls of identify {unknown}
 k - 2 scrolls of poison {unknown}
 p - 4 scrolls of immolation
 q - 2 scrolls of blinking {unknown}
 r - a scroll of enchant weapon {unknown}
 s - a scroll of fog {unknown}
 v - 3 scrolls of teleportation {unknown}
 w - 8 scrolls of noise
 x - 2 scrolls of amnesia {unknown}
 y - 2 scrolls of brand weapon {unknown}
 E - 2 scrolls of butterflies {unknown}
 K - a scroll of fear {unknown}
 O - a scroll of acquirement {unknown}
Potions
 d - a potion of attraction {unknown}
 f - 3 potions of ambrosia {unknown}
 g - 5 potions of magic {unknown}
 h - 7 potions of heal wounds {unknown}
 i - 6 potions of resistance {unknown}
 j - 7 potions of invisibility {unknown}
 l - 4 potions of lignification
 m - 2 potions of berserk rage {unknown}
 n - 6 potions of cancellation {unknown}
 t - 2 potions of haste {unknown}
 u - 5 potions of curing {unknown}
 D - 3 potions of brilliance {unknown}
 G - a potion of might {unknown}
Miscellaneous
 H - a phantom mirror


   Skills:
 + Level 8.4 Fighting
 - Level 5.0 Dodging
 - Level 6.0 Unarmed Combat
 + Level 0.3 Spellcasting
 + Level 0.4 Translocations
 - Level 7.6 Evocations
 * Level 11.2 Shapeshifting


You had 5 spell levels left.
You knew the following spells:

 Your Spells              Type           Power      Damage    Failure   Level
a - Blink                 Tloc           2%         N/A       26%         2
b - Ozocubu's Armour      Ice            0%         N/A       54%         3

Your spell library contained the following spells:

 Spells                   Type           Power      Damage    Failure   Level
 Apportation              Tloc           2%         N/A       19%         1
 Necrotise                Necr           0%         1d4       22%         1
 Summon Small Mammal      Summ           0%         N/A       22%         1
 Lesser Beckoning         Tloc           2%         N/A       26%         2
 Momentum Strike          Conj/Tloc      2%         3d8       30%         2
 Ozocubu's Refrigeration  Ice            0%         4d7       100%        7


Dungeon Overview and Level Annotations

Branches:
Dungeon (10/15)            Temple (1/1) D:4             Orc (0/2) D:9
Ossuary (visited)          Bailey (visited)
   Lair: D:8-11

Altars:
Ashenzari
Cheibriados
Dithmenos
Elyvilon
Fedhas
Gozag
Hepliaklqana
Kikubaaqudgha
Makhleb
Nemelex Xobeh
Okawaru
Qazlal
Ru
Sif Muna
Trog
Uskayaw
Vehumet
Wu Jian
Xom
Yredelemnul
Zin
The Shining One

Shops:
D:2 [   D:10 *

Annotations:
D:10 Grum


Innate Abilities, Weirdness & Mutations

You are something dangerously unstable.
You glow with magical radiation, making you easy to see and hit.
Foes you strike become dangerously contaminated with magical radiation.
You are incapable of wielding weapons or throwing items.
You cannot wear most types of armour.
You are amphibious.
You can wear up to seven rings at the same time.
Your skin changes colour to match your surroundings (Stealth+).
Your rubbery body absorbs attacks. (AC +1, EV +1)
You are missing a hand.
You cannot be stealthy.
((You are camouflaged when in or above water. (Stealth+)))
You have tentacles for arms and can constrict up to seven enemies at once.


Message History

Grum hits you from afar with a -2 spear of venom.
You are poisoned.
You barely miss the wolf. You grab the wolf.
The wolf is lightly wounded.
You constrict the wolf.
You feel sick. The wolf closely misses you.
Grum hits you from afar with a -2 spear of venom!!
You are more poisoned.
You tentacle-slap the wolf.
The wolf begins to glow.
You squeeze the wolf.
The wolf is heavily wounded.
You constrict the wolf.
You feel very sick. The wolf completely misses you. The wolf barely misses you.
Grum misses you.
You tentacle-slap the wolf.
The wolf glows dangerously bright.
The wolf is severely wounded.
You constrict the wolf.
You feel very sick. The wolf completely misses you.
You tentacle-slap the wolf but do no damage.
The wolf shudders as magic cascades through it.
The wolf twists and deforms.
You squeeze the wolf.
You kill the wolf!
You feel very sick. Grum misses you.
You feel sick.
Grum hits you with a -2 spear of venom!!
You are lethally poisoned!
Things that are here:
a wolf corpse; a wolf corpse You barely miss Grum.
Your grab misses Grum. You squeeze Grum, but do no damage.
* * * LOW HITPOINT WARNING * * *
You feel extremely sick. Grum completely misses you.
You tentacle-slap Grum but do no damage.
Grum begins to glow.
You grab Grum. You squeeze Grum, but do no damage. You constrict Grum.
* * * LOW HITPOINT WARNING * * *
You feel extremely sick. Grum hits you with a -2 spear of venom!
You die...

###..........
#...####### #...# #...#
#...# #...# #...#
##############...#######
.....hgp................
......##################
####. #


You could see Grum (contam) and a wolf.

Vanquished Creatures
  Harold (D:9)
  A two-headed ogre (D:9)
  An orc knight (Bailey)
  A komodo dragon (D:8)
  A troll (D:8)
  A hornet (D:9)
  2 shadows (D:9)
  A wraith (D:9)
  2 wyverns
  A basilisk (D:8)
  5 yaks (D:9)
  3 steam dragons
  Menkaure (D:6)
  3 water moccasins
  3 orc warriors
  3 ice beasts
  2 sky beasts
  2 ogres (D:7)
  3 wolves (D:10)
  8 centaurs
  A phantom (D:6)
  3 kobold brigands (D:8)
  3 bullfrogs
  A scorpion (D:5)
  6 wights (D:8)
  7 killer bees
  A howler monkey (D:5)
  A hound (D:4)
  2 gnoll boudas
  5 orc priests
  A jelly (D:4)
  2 human zombies (Ossuary)
  2 centaur zombies (Ossuary)
  5 iguanas
  7 orc wizards
  4 sleepcaps
  A hound skeleton (D:4)
  2 hound zombies (D:4)
  5 mummies (Ossuary)
  15 gnolls
  8 adders
  6 white imps
  3 ufetubi
  An adder zombie (D:4)
  2 adder skeletons (D:4)
  2 dart slugs (D:4)
  33 orcs
  6 ball pythons
  10 endoplasms
  4 giant cockroaches
  A gnoll zombie (Ossuary)
  4 goblins
  10 hobgoblins
  3 jackals (D:3)
  3 quokkas
  2 bats (D:2)
  2 frilled lizards (D:1)
  2 goblin zombies (Ossuary)
  13 kobolds
  A kobold zombie (Ossuary)
  5 rats
240 creatures vanquished.

Vanquished Creatures (others)
  A two-headed ogre (D:9)
  An orc (Bailey)
2 creatures vanquished.

Grand Total: 242 creatures vanquished

Notes
Turn   | Place    | Note
-------+----------+-------------------------------------------
     0 | D:1      | LeprechaunX the Octopode Shapeshifter began the quest for
                  | the Orb.
     0 | D:1      | Reached XP level 1. HP: 13/13 MP: 1/1
   112 | D:1      | Reached XP level 2. HP: 18/18 MP: 2/2
   850 | D:2      | Found a basalt altar of Yredelemnul.
   937 | D:2      | Reached XP level 3. HP: 23/23 MP: 3/3
  1213 | D:2      | Found Necin's Antique Armour Boutique.
  1462 | D:3      | Reached XP level 4. HP: 16/29 MP: 4/4
  2228 | D:4      | Reached skill level 4 in Shapeshifting
  2228 | D:4      | Reached XP level 5. HP: 21/34 MP: 5/5
  2393 | D:4      | Found a sand-covered staircase.
  2412 | Ossuary  | Entered an ossuary
  2532 | Ossuary  | Reached XP level 6. HP: 33/41 MP: 6/6
  3026 | D:4      | Reached skill level 5 in Shapeshifting
  3159 | D:4      | Reached XP level 7. HP: 34/46 MP: 7/7
  3241 | D:4      | Found a staircase to the Ecumenical Temple.
  3279 | Temple   | Entered the Ecumenical Temple
  3629 | D:5      | Entered Level 5 of the Dungeon
  4304 | D:5      | Reached XP level 8. HP: 14/54 MP: 8/8
  4581 | D:6      | Reached skill level 5 in Unarmed Combat
  4581 | D:6      | Reached skill level 6 in Shapeshifting
  4859 | D:6      | Found a sacrificial altar of Ru.
  4995 | D:6      | Became a worshipper of Ru the Awakened
  5117 | D:6      | Reached skill level 1 in Evocations
  5418 | D:6      | Noticed Menkaure
  5422 | D:6      | Killed Menkaure
  5423 | D:6      | Reached skill level 5 in Dodging
  5793 | D:7      | Reached skill level 7 in Shapeshifting
  5823 | D:6      | Reached XP level 9. HP: 50/60 MP: 9/9
  5942 | D:7      | Reached skill level 5 in Fighting
  6223 | D:7      | Found a glowing silver altar of Zin.
  6223 | D:7      | Noticed an angel
  6225 | D:7      | Found a shimmering altar of Xom.
  6615 | D:7      | Gained mutation: You are missing a hand. [Ru sacrifice]
  6615 | D:7      | Reached * piety under Ru
  6615 | D:7      | Reached ** piety under Ru
  6615 | D:7      | Reached *** piety under Ru
  6668 | D:8      | Found a sparkling altar of Nemelex Xobeh.
  6825 | D:8      | Reached skill level 8 in Shapeshifting
  6872 | D:8      | Found a flagged portal.
  7042 | Bailey   | Entered a bailey
  7203 | Bailey   | Noticed an orc knight
  7234 | Bailey   | Killed an orc knight
  7235 | Bailey   | Reached XP level 10. HP: 69/69 MP: 10/10
  7657 | D:8      | Found a burning altar of Makhleb.
  7665 | D:8      | Found a hazy altar of Hepliaklqana.
  8136 | D:8      | Reached skill level 5 in Evocations
  8136 | D:8      | Reached skill level 9 in Shapeshifting
  8988 | D:8      | Found an ornate altar of the Wu Jian Council.
  8988 | D:8      | Found a shimmering blue altar of Sif Muna.
  8990 | D:8      | Found a hide-covered altar of Uskayaw.
  8991 | D:8      | Found a snail-covered altar of Cheibriados.
  9121 | D:9      | Reached skill level 10 in Shapeshifting
  9273 | D:9      | Found a staircase to the Orcish Mines.
  9418 | D:9      | Noticed a two-headed ogre
  9423 | D:9      | Killed a two-headed ogre
  9631 | D:9      | Gained mutation: You cannot be stealthy. [Ru sacrifice]
  9737 | D:9      | Noticed Harold
  9747 | D:9      | Killed Harold
  9748 | D:9      | Reached XP level 11. HP: 69/77 MP: 8/11
  9757 | D:9      | Noticed a two-headed ogre
  9758 | D:9      | Found a stormy altar of Qazlal.
  9762 | D:9      | Killed a two-headed ogre
  9978 | D:9      | Reached skill level 11 in Shapeshifting
 10091 | D:9      | Found a bloodstained altar of Trog.
 10311 | D:9      | Learned a level 2 spell: Blink
 10315 | D:9      | Learned a level 3 spell: Ozocubu's Armour
 10326 | D:10     | Entered Level 10 of the Dungeon
 10327 | D:10     | Found Hehosogi's CLEARANCE SALE!.
 10412 | D:10     | Noticed Grum
 10428 | D:10     | Slain by Grum

Illustrated notes

Levels and vault maps discovered:
D:1:      nzn_arrival_water_spiral, layout_basic, minmay_hexomino_u4
D:2:      layout_loops_ring, basic_altar, serial_shops,
          nicolae_shop_real_fake_doors
D:3:      layout_loops_ring
D:4:      cheibrodos_fertilizer, layout_basic, minmay_temple_entry_statues,
          mainiacjoe_ossuary_entry_find_the_door
D:5:      minmay_evil_eye, layout_cave_pools
D:6:      layout_basic, mainiacjoe_overflow_concentric_impassable,
          nrook_campfire, feat_on_display, uniq_menkaure
D:7:      layout_basic, grunt_temple_overflow_order_and_chaos_1,
          mrwooster_statue_mirror, minmay_starry_boxes
D:8:      kennysheep_windowed_halls, layout_layer_cave, minitemple,
          mainiacjoe_overflow_boulevard, enter_bailey_7
D:9:      nicolae_cairo_tiling_large, layout_basic, grunt_qazlal_sundering,
          trog_butcher_becter, david_orc_3, uniq_harold
D:10:     layout_long_grid, serial_shops, nicolae_square_shop, special_room
          [special_room_orc], minivault_16, nicolae_shop_clearance, uniq_grum
Temple:   nicolae_temple_two_arcs

Skill      XL: |  1  2  3  4  5  6  7  8  9 10 11 |
---------------+----------------------------------+-----
Fighting       | 2 3 4 6 8 |  8.4
Shapeshifting  | 4 5 7 8 10 11 | 11.2
Dodging        | 3 4 5 |  5.0
Unarmed Combat | 4 5 6 |  6.0
Evocations     | 2 4 7 |  7.6
Spellcasting   | |  0.3
Translocations | |  0.4

Action                     |  1- 3 |  4- 6 |  7- 9 | 10-12 || total
---------------------------+-------+-------+-------+-------++-------
  Melee: Unarmed           |    63 |   133 |   200 |   294 ||   690
         Constrict         |    17 |    33 |    48 |    51 ||   149
         Tentacles         |     5 |    34 |    54 |    90 ||   183
         Punch             |     1 |     2 |    17 |     2 ||    22
   Fire: Sling             |       |       |    14 |       ||    14
  Throw: Throwing net      |       |       |     1 |       ||     1
 Invoke: Sacrifice a Hand  |       |       |     1 |       ||     1
         Sacrifice Stealth |       |       |       |     1 ||     1
   Stab: Sleeping          |     9 |     8 |     9 |     2 ||    28
         Distracted        |       |     1 |     1 |     1 ||     3
         Held in net/web   |       |       |     1 |       ||     1
         Invisible         |       |       |       |     1 ||     1
 Armour: Skin              |    24 |    62 |    82 |    77 ||   245
  Dodge: Dodged            |    35 |    57 |   174 |   263 ||   529
   Form: Flux              |       |       |       |     1 ||     1

Table legend: (Time is in decaauts)
 A = Elapsed time spent in this place.
 B = Non-inter-level travel time spent in this place.
 C = Inter-level travel time spent in this place.
 D = Time resting spent in this place.
 E = Time spent auto-exploring this place.
 F = Levels seen in this place.
 G = Mean time per level.
                   A        B        C        D        E       F      G
               +--------+--------+--------+--------+--------+-----+--------+
         Total |  10362 |  10001 |    361 |   1259 |   6689 |  13 |  797.1 |
       Dungeon |   9408 |   9047 |    361 |   1079 |   6359 |  10 |  940.8 |
        Temple |      1 |      1 |      0 |      0 |      0 |   1 |    1.0 |
       Ossuary |    570 |    570 |      0 |    146 |    269 |   1 |  570.0 |
        Bailey |    382 |    382 |      0 |     34 |     61 |   1 |  382.0 |
               +--------+--------+--------+--------+--------+-----+--------+

Top non-repeatable levels by time:
     D:8: 2001 daAuts
     D:6: 1310 daAuts
     D:9: 1275 daAuts
     D:5: 937 daAuts
     D:4: 899 daAuts
     D:1: 754 daAuts
     D:7: 743 daAuts
     D:3: 712 daAuts
     D:2: 675 daAuts
 Ossuary: 570 daAuts
  Bailey: 382 daAuts
    D:10: 100 daAuts
  Temple: 1 daAuts
